 Dungeon Crawl Stone Soup version 0.26-a0-1176-g060ceda6a5 (webtiles) character file.

Game seed: 6428778426430773271

1090 tilp the Covert (level 8, 0/67 HPs)
             Began as a Gnoll Delver on Dec 24, 2020.
             Was a Follower of Makhleb.
             Killed from afar by an orc wizard (9 damage)
             ... with a puff of frost
             ... on level 5 of the Dungeon.
             The game lasted 00:12:07 (5436 turns).

tilp the Covert (Gnoll Delver)                      Turns: 5436, Time: 00:12:07

Health: 0/67       AC: 17    Str: 15    XL:     8   Next: 31%
Magic:  21/21      EV:  9    Int: 14    God:    Makhleb [*.....]
Gold:   207        SH:  0    Dex: 17    Spells: 13/13 levels left

rFire    . . .     SeeInvis +   a - +1 trident (vorpal)
rCold    . . .     Faith    .   (no shield)
rNeg     . . .     Spirit   .   C - +0 chain mail
rPois    .         Reflect  .   x - +2 hat {SInv}
rElec    .         Harm     .   m - +0 cloak
rCorr    .         Rampage  .   (no gloves)
Will     .....                  D - +0 pair of boots {run}
Stlth    ++........             (no amulet)
HPRegen  0.21/turn              j - ring of magical power
MPRegen  0.17/turn              v - +4 ring of protection

@: lethally poisoned (0 -> -1), quick
A: distributed training, fangs 1, strong nose
a: Renounce Religion


You were on level 5 of the Dungeon.
You worshipped Makhleb.
Makhleb was aware of your devotion.
You visited 2 branches of the dungeon, and saw 8 of its levels.

You collected 207 gold pieces.

Inventory:

Hand Weapons
 a - a +1 vorpal trident (weapon)
 b - a +2 hand axe of freezing
 p - a +3 short sword of speed
 s - a +1 hand axe of draining
Missiles
 r - 22 poisoned darts (quivered)
 E - 7 boomerangs
Armour
 m - a +0 cloak (worn)
 x - a +2 hat of see invisible (worn)
 C - a +0 chain mail (worn)
 D - a +0 pair of boots of running (worn)
Jewellery
 j - a ring of magical power (left hand)
 v - a +4 ring of protection (right hand)
Wands
 g - a wand of digging (8)
 n - a wand of flame (18)
Scrolls
 c - 2 scrolls of fog
 e - 2 scrolls of fear
 i - 2 scrolls of remove curse
 w - a scroll of teleportation
 y - 4 scrolls of immolation
 A - 3 scrolls of enchant weapon
 F - a scroll of vulnerability {unknown}
Potions
 d - 3 potions of mutation
 f - 2 potions of haste
 h - a potion of brilliance
 k - 3 potions of curing
 l - 3 potions of heal wounds
 o - a potion of resistance
 q - 3 potions of attraction {unknown}
 t - a potion of berserk rage {unknown}
 u - 2 potions of ambrosia {unknown}
 z - 2 potions of flight
 B - a potion of degeneration {unknown}


   Skills:
 + Level 7.3 Fighting
 + Level 3.1 Short Blades
 + Level 3.1 Long Blades
 + Level 3.1 Axes
 + Level 5.6 Maces & Flails
 + Level 3.1 Polearms
 + Level 3.1 Staves
 + Level 3.1 Slings
 + Level 3.1 Bows
 + Level 3.1 Crossbows
 + Level 3.1 Throwing
 + Level 3.1 Armour
 + Level 5.6 Dodging
 + Level 10.0 Stealth
 + Level 3.1 Shields
 + Level 3.1 Unarmed Combat
 + Level 3.1 Spellcasting
 + Level 2.5 Conjurations
 + Level 2.5 Hexes
 + Level 2.5 Summonings
 + Level 2.5 Necromancy
 + Level 2.5 Translocations
 + Level 2.5 Transmutations
 + Level 2.5 Fire Magic
 + Level 2.5 Ice Magic
 + Level 2.5 Air Magic
 + Level 2.5 Earth Magic
 + Level 2.5 Poison Magic
 + Level 3.5 Invocations
 + Level 3.1 Evocations


You had 13 spell levels left.
You didn't know any spells.
Your spell library was empty.

Dungeon Overview and Level Annotations

Branches:
Dungeon (7/15)             Temple (1/1) D:4

Altars:
Ashenzari
Cheibriados
Dithmenos
Elyvilon
Fedhas
Gozag
Hepliaklqana
Kikubaaqudgha
Makhleb
Nemelex Xobeh
Okawaru
Qazlal
Ru
Trog
Uskayaw
Vehumet
Wu Jian
Xom
Yredelemnul
Zin
The Shining One

Annotations:
D:3 Sigmund
D:4 2 transporters, 1 runed translucent door, Crazy Yiuf


Innate Abilities, Weirdness & Mutations

Your experience applies equally to all skills.
You have very sharp teeth.
Your uncanny sense of smell can sniff out nearby items.


Message History

You feel sick. The orc wizard casts a spell at you.
The magic dart hits you but does no damage.
You feel sick.
The orc priest miscasts a cantrip.
The orc wizard points at itself and mumbles some strange words.
The orc wizard flickers and vanishes for a moment.
You feel sick.
The orc priest looks satisfied for a moment.
You feel sick.
You feel sick.
The orc priest calls down the wrath of Beogh upon you.
The orc wizard writhes in agony!
You feel sick.
The orc wizard points at you and mumbles some strange words.
The magic dart hits you but does no damage.
You feel sick.
The orc wizard points at you and mumbles some strange words.
The puff of frost hits you!
You die...

#### ### ##... ###
########.### ###....
#.##########...##.....#
#......
#.........##..###.....#
##.....
#.............###.....#
#.....
...............###....#
#.....
##....†##....o..@.#..##
#.....
###........####....###
#..... ###.....##
###....### #.....
##...##
####...#####.... ##..#
###....#####. #..#
###....##.. #..#
####..... ##o## ###.(#
#..# #..#


You could see an orc wizard (fast, invisible).

Vanquished Creatures
  Prince Ribbit (D:5)
  A water moccasin (D:7)
  An ogre (D:4)
  A phantom (D:5)
  A big kobold (D:7)
  A howler monkey (D:5)
  A quasit (D:7)
  A bullfrog skeleton (D:5)
  An orc priest (D:5)
  2 hounds
  A centaur skeleton (D:5)
  Ijyb (D:4)
  2 orc wizards
  A worker ant (D:4)
  8 adders
  A white imp (D:5)
  2 worms
  8 dart slugs
  5 leopard geckos
  13 orcs
  6 bats
  4 giant cockroaches
  6 goblins
  8 hobgoblins
  13 jackals
  4 quokkas
  5 ball pythons (D:2)
  4 frilled lizards
  16 kobolds
  6 rats
125 creatures vanquished.

Vanquished Creatures (others)
  A fungus (D:4)
1 creature vanquished.

Grand Total: 126 creatures vanquished

Notes
Turn   | Place    | Note
-------+----------+-------------------------------------------
     0 | D:5      | Reached skill level 9 in Stealth
     0 | D:5      | tilp the Gnoll Delver began the quest for the Orb.
     0 | D:5      | Reached XP level 1. HP: 23/23 MP: 1/1
    25 | D:4      | Found a transporter.
    33 | D:4      | Found a runed translucent door.
    34 | D:4      | Noticed Crazy Yiuf
    50 | D:4      | Noticed a fire bat
    89 | D:4      | Noticed a phantom
   304 | D:4      | Noticed Ijyb
   611 | D:3      | Reached XP level 2. HP: 20/29 MP: 2/2
   957 | D:2      | Reached XP level 3. HP: 30/35 MP: 3/3
  1137 | D:1      | Reached skill level 1 in Invocations
  1234 | D:1      | Reached skill level 1 in Short Blades
  1234 | D:1      | Reached skill level 1 in Long Blades
  1234 | D:1      | Reached skill level 1 in Axes
  1234 | D:1      | Reached skill level 1 in Polearms
  1234 | D:1      | Reached skill level 1 in Staves
  1234 | D:1      | Reached skill level 1 in Slings
  1234 | D:1      | Reached skill level 1 in Bows
  1234 | D:1      | Reached skill level 1 in Crossbows
  1234 | D:1      | Reached skill level 1 in Throwing
  1234 | D:1      | Reached skill level 1 in Armour
  1234 | D:1      | Reached skill level 1 in Shields
  1234 | D:1      | Reached skill level 1 in Unarmed Combat
  1234 | D:1      | Reached skill level 1 in Spellcasting
  1234 | D:1      | Reached skill level 1 in Evocations
  1362 | D:1      | You fall into a shaft and drop 1 floor!
  1483 | D:1      | Reached XP level 4. HP: 39/41 MP: 5/5
  2100 | D:2      | Reached skill level 1 in Conjurations
  2100 | D:2      | Reached skill level 1 in Hexes
  2100 | D:2      | Reached skill level 1 in Summonings
  2100 | D:2      | Reached skill level 1 in Necromancy
  2100 | D:2      | Reached skill level 1 in Translocations
  2100 | D:2      | Reached skill level 1 in Transmutations
  2100 | D:2      | Reached skill level 1 in Fire Magic
  2100 | D:2      | Reached skill level 1 in Ice Magic
  2100 | D:2      | Reached skill level 1 in Air Magic
  2100 | D:2      | Reached skill level 1 in Earth Magic
  2100 | D:2      | Reached skill level 1 in Poison Magic
  2141 | D:2      | Reached XP level 5. HP: 47/47 MP: 6/6
  2646 | D:3      | Identified a +0 pair of boots of running (You found it on
                  | level 3 of the Dungeon)
  2670 | D:3      | Noticed Sigmund
  3566 | D:4      | Reached XP level 6. HP: 50/53 MP: 8/8
  3580 | D:4      | Found a staircase to the Ecumenical Temple.
  3589 | Temple   | Entered the Ecumenical Temple
  3803 | Temple   | Became a worshipper of Makhleb the Destroyer
  3875 | D:4      | You fall into a shaft and drop 3 floors!
  3910 | D:7      | Reached skill level 5 in Maces & Flails
  3910 | D:7      | Reached skill level 5 in Dodging
  3940 | D:7      | Noticed a water moccasin
  3967 | D:7      | Killed a water moccasin
  3968 | D:7      | Reached XP level 7. HP: 37/59 MP: 10/10
  4622 | D:4      | Found a transporter.
  4696 | D:4      | Killed Ijyb
  4900 | D:4      | Reached * piety under Makhleb
  5209 | D:5      | Noticed Prince Ribbit
  5223 | D:5      | Killed Prince Ribbit
  5224 | D:5      | Reached skill level 10 in Stealth
  5224 | D:5      | Reached XP level 8. HP: 57/67 MP: 12/12
  5436 | D:5      | Killed from afar by an orc wizard

Illustrated notes

Levels and vault maps discovered:
D:1:      dpeg_arrival_pits, layout_loops_ring
D:2:      wander_river, layout_rooms, minmay_misc_feat_doors,
          minmay_snake_closets
D:3:      kennysheep_slugbush, layout_basic, serial_co_window_serial,
          co_window_of_opportunity_a, co_window_of_opportunity_a,
          co_window_paths_a, co_window_paths_b, co_window_paths_b,
          co_window_of_opportunity_b, co_window_2corner,
          co_window_of_opportunity_b, co_window_of_opportunity_b,
          co_window_cross_3, co_window_broadway_a, glass_columns_a,
          glass_columns_c, glass_columns_b, uniq_sigmund
D:4:      gammafunk_cloud_chamber, layout_cave_pools, minmay_temple_entry_wispy,
          uniq_ijyb, uniq_crazy_yiuf_cottage
D:5:      layout_cave_pods, serial_shops, kennysheep_mini_moat,
          lemuel_flamethrower_2, uniq_prince_ribbit1, uniq_grinder
D:6:      layout_rooms, tgw_sif, palyth_stone_intersect
D:7:      layout_basic, fedhas_altar_2, uniq_menkaure, uniq_harold
Temple:   roderic_octagonal_lattice_temple

Skill      XL: |  1  2  3  4  5  6  7 |
---------------+----------------------+-----
Stealth        | 10 | 10.0
Invocations    | 1 2 3 |  3.5
Short Blades   | 1 2 3 |  3.1
Long Blades    | 1 2 3 |  3.1
Axes           | 1 2 3 |  3.1
Polearms       | 1 2 3 |  3.1
Staves         | 1 2 3 |  3.1
Slings         | 1 2 3 |  3.1
Bows           | 1 2 3 |  3.1
Crossbows      | 1 2 3 |  3.1
Throwing       | 1 2 3 |  3.1
Armour         | 1 2 3 |  3.1
Shields        | 1 2 3 |  3.1
Unarmed Combat | 1 2 3 |  3.1
Spellcasting   | 1 2 3 |  3.1
Evocations     | 1 2 3 |  3.1
Conjurations   | 1 2 |  2.5
Hexes          | 1 2 |  2.5
Summonings     | 1 2 |  2.5
Necromancy     | 1 2 |  2.5
Translocations | 1 2 |  2.5
Transmutations | 1 2 |  2.5
Fire Magic     | 1 2 |  2.5
Ice Magic      | 1 2 |  2.5
Air Magic      | 1 2 |  2.5
Earth Magic    | 1 2 |  2.5
Poison Magic   | 1 2 |  2.5
Maces & Flails | 5 |  5.6
Dodging        | 5 |  5.6
Fighting       | 7 |  7.3

Action                   |  1- 3 |  4- 6 |  7- 9 || total
-------------------------+-------+-------+-------++-------
Melee: Mace              |   127 |     5 |       ||   132
       Bite              |    12 |    14 |    13 ||    39
       Short sword       |       |    39 |       ||    39
       Hand axe          |       |    22 |       ||    22
       Trident           |       |   107 |   137 ||   244
       Punch             |       |     1 |     2 ||     3
Throw: Dart              |       |       |     7 ||     7
       Boomerang         |       |       |     4 ||     4
Evoke: Wand              |     1 |       |       ||     1
  Use: Scroll            |     1 |    11 |       ||    12
       Potion            |       |       |     1 ||     1
 Stab: Sleeping          |     6 |     6 |     2 ||    14
       Distracted        |       |     1 |       ||     1
Armor: Scale mail        |    64 |     6 |       ||    70
       Chain mail        |       |    83 |    91 ||   174
Dodge: Dodged            |   111 |    65 |    57 ||   233

Table legend: (Time is in decaauts)
 A = Elapsed time spent in this place.
 B = Non-inter-level travel time spent in this place.
 C = Inter-level travel time spent in this place.
 D = Time resting spent in this place.
 E = Time spent auto-exploring this place.
 F = Levels seen in this place.
 G = Mean time per level.
                   A        B        C        D        E       F      G
               +--------+--------+--------+--------+--------+-----+--------+
         Total |   5365 |   5122 |    243 |   1083 |   2545 |   8 |  670.6 |
       Dungeon |   5153 |   4929 |    224 |   1083 |   2357 |   7 |  736.1 |
        Temple |    212 |    193 |     19 |      0 |    188 |   1 |  212.0 |
               +--------+--------+--------+--------+--------+-----+--------+

Top non-repeatable levels by time:
     D:3: 1453 daAuts
     D:4: 1020 daAuts
     D:2: 871 daAuts
     D:1: 798 daAuts
     D:7: 494 daAuts
     D:5: 487 daAuts
  Temple: 212 daAuts
     D:6: 27 daAuts
